Morgabyth Moorhart, neutral female gnomish Wizard --------------------------------# ----------- |..............................-###########+..<......| |...--------.......-----------.|# # |.........| |...|.++| |------.|..|(((| +.|# ##..........| |...|+.+| |...@.|.|..|(I(| |.|# ----------- ....|[.+|+-|.@_.M|[-|-|...|---.|# |...-|---..|.....|....--|--....|# |..........|.....|.............| |........{.----|--.{...........| |.................%............| |...--|--...........-+--|---...| |...|...|-------.---- |..+| ..| |...|...| |%%.-.+ |*+%|...| ....|...| |%(.|.| ---|(*/|...| |...-----+------.----..-----...| |..............................| -------------------------------- Morgabyth Moorhart the Thaumaturge Experience level: 8 Strength: 16 Dexterity: 10 Constitution: 15 Intelligence: 16 Wisdom: 13 Charisma: 9 Health: 0(62) Energy: 78(78) Def: 4 Gold: 605 Moves: 16984 Dungeon seed: A0cqyRkm8ioPbagV Game ID: Morgabyth Moorhart_1529957461 Your Inventory: Coins $ - 605 gold pieces Amulets I - an uncursed amulet of reflection (being worn) V - an uncursed amulet of ESP Weapons a - a blessed +1 quarterstaff H - the uncursed rustproof +0 Magicbane (weapon in hand) R - an uncursed +0 elven dagger S - 2 blessed +0 daggers T - 3 uncursed +0 daggers Armor e - an uncursed +0 cloak of magic resistance (being worn) k - an uncursed +0 elven leather helm (being worn) Comestibles o - 2 uncursed fortune cookies u - 4 uncursed tripe rations A - an uncursed lembas wafer F - 10 uncursed food rations Scrolls h - 2 uncursed scrolls of light i - an uncursed scroll of charging j - 2 uncursed scrolls of confuse monster l - a cursed scroll of identify s - a blessed scroll of create monster v - an uncursed scroll of enchant weapon C - an uncursed scroll of earth D - a cursed scroll of earth J - 3 uncursed scrolls of blank paper X - a cursed scroll of create monster Potions d - 2 uncursed potions of object detection f - 2 potions of holy water g - an uncursed potion of enlightenment w - an uncursed potion of fruit juice O - an uncursed potion of hallucination U - an uncursed potion of healing Z - a cursed potion of booze Rings c - an uncursed ring of conflict q - an uncursed ring of searching y - an uncursed ring of slow digestion z - an uncursed ring of teleport control B - an uncursed ring of shock resistance G - a cursed ring of teleportation K - an uncursed ring of see invisible N - an uncursed ring of poison resistance Wands b - an uncursed wand of magic missile (0:3) t - an uncursed wand of teleportation (0:6) x - an uncursed wand of undead turning (0:6) E - an uncursed wand of digging (0:4) L - a blessed wand of striking (0:5) M - an uncursed wand of polymorph (0:3) P - an uncursed wand of digging (0:8) Q - an uncursed wand of striking (0:4) Y - an uncursed wand of digging (0:4) Tools m - an uncursed magic marker (0:52) p - 4 uncursed tallow candles (0:200) Gems n - an uncursed touchstone Spells and supernatural/magical abilities: Name Level Category Fail Memory a - force bolt 1 attack 0% 16% c - cause fear 3 enchantment 0% 99% k - knock 1 matter 0% 98% r - remove curse 3 clerical 91% 98% z - sleep 1 enchantment 0% 98% B - cure blindness 2 healing 57% 98% O - create monster 2 clerical 57% 16% W - pray for help -- divine ? -- Your skills at the end: Fighting Skills Weapon Skills dagger [Skilled] quarterstaff [Basic] Spellcasting Skills attack spells [Basic] enchantment spells [Basic] Final Attributes: You were piously aligned. You were fire resistant. You were poison resistant. You were magic-protected. You were telepathic. You had infravision. You were protected. You had reflection. You are dead. Vanquished creatures: 2 giant mimics a large cat a tengu a giant beetle 3 wolves a panther an orc mummy a gold golem a housecat a blue jelly a gnome mummy 3 Woodland-elves an imp a wood nymph a water nymph a mountain nymph 2 Mordor orcs 9 Uruk-hai 4 rock piercers 2 fog clouds 4 yellow lights 2 shriekers a violet fungus a kobold mummy 2 red naga hatchlings a guardian naga hatchling 4 elf zombies 2 straw golems a paper golem 4 giant ants 4 little dogs 5 floating eyes 3 kittens 3 homunculi 2 kobold lords a kobold shaman 3 centipedes 4 giant bats a monkey 5 orc zombies 2 dwarf zombies a wererat 2 werejackals 11 iguanas an acid blob 10 coyotes a gas spore 9 hobbits 6 manes 3 large kobolds 5 hobgoblins 16 giant rats 8 cave spiders 3 brown molds 2 yellow molds 7 green molds 3 red molds 3 gnomes 11 garter snakes 6 gnome zombies 12 geckos 10 jackals a fox 2 kobolds 3 goblins 2 sewer rats 14 grid bugs 3 bats 6 lichens 7 kobold zombies 18 newts 279 creatures vanquished. Voluntary challenges: You used a wielded weapon 345 times, starting on turn 3. You read items or engraved 31 times, starting on turn 7976. You never genocided any monsters. You never polymorphed an object. You never changed form. You used no wishes. You never split a pudding. You wrote Elbereth's name 11 times, starting on turn 7976. You violated your moral code, losing 94 points of alignment, starting on turn 3672. Dungeon overview: The Dungeons of Doom: levels 1 to 7 Level 1 a fountain, a sink a long staircase Level 2 a fountain Level 3 an altar to Thoth Level 4 stairs to The Gnomish Mines Level 5 a fountain Level 6 many fountains Level 7 some fountains stairs to Sokoban The Gnomish Mines: levels 5 to 7 Level 5 stairs to The Dungeons of Doom Level 6 Level 7 <- You were here many shops, a temple to Anhur, some fountains Sokoban: levels 3 to 6 Level 3 Level 4 Level 5 Level 6 stairs to The Dungeons of Doom History has recorded: On T:1 you entered the Dungeons of Doom to retrieve the Amulet of Yendor! On T:255 you reached level 2 of The Dungeons of Doom. On T:878 you reached level 3 of The Dungeons of Doom. On T:929 you advanced to experience level 2. On T:1177 you reached level 4 of The Dungeons of Doom. On T:1218 you advanced to experience level 3. On T:3310 you advanced to experience level 4. On T:6472 you advanced to experience level 5. On T:6533 you received Magicbane from Thoth. On T:9581 you advanced to experience level 6. On T:10762 you reached level 5 of The Dungeons of Doom. On T:11042 you reached level 6 of The Dungeons of Doom. On T:11322 you reached level 7 of The Dungeons of Doom. On T:11394 you advanced to experience level 7. On T:11677 you reached level 4 of Sokoban. On T:12000 you reached level 3 of Sokoban. On T:12793 you reached level 2 of Sokoban. On T:13295 you reached level 1 of Sokoban. On T:14608 you advanced to experience level 8. On T:15369 you reached level 1 of The Gnomish Mines. On T:15878 you reached level 2 of The Gnomish Mines. On T:16139 you reached level 3 of The Gnomish Mines. Score breakdown: Gold: 605 ( 9465 points) Experience: 8 levels (14739 points) Exploration: 7 levels ( 15.56%) (11078 points) Discoveries: 19 items ( 6.60%) ( 7705 points) Valuables value: (no points given unless you survive) Artifact value: 3500 (12056 points) Variety of kills: 71 monsters ( 18.64%) (12950 points) Turncount: 16984 turns (-3161 points) Survival: died (score multiplied by 80%) Total score: 51865 Latest messages: You have a strange forbidding feeling... You cannot drop something you are wearing. A leather hat lands on the altar. There is a black flash as a scroll of identify hits the altar. k - an uncursed leather hat. l - a cursed scroll of identify. You start removing your iron skull cap. You take off your iron skull cap. You drop an uncursed +0 iron skull cap. You start equipping your leather hat. You are now wearing a leather hat. Your feet are frozen to the floor! The human mummy hits! (14x) You die... Your body rises from the dead as a gnome mummy... Final status: Goodbye Morgabyth Moorhart the Wizard, killed by a human mummy, while frozen by a potion... You died in The Gnomish Mines on dungeon level 7 with 51865 points, and 605 pieces of gold, after 16984 moves. You were level 8 with a maximum of 62 hit points when you died.